 Dungeon Crawl Stone Soup version 0.17.0-26-gececa24 (webtiles) character file.

14836 MDvedh the Severer (level 11, -3/88 HPs)
             Began as a Deep Dwarf Fighter on Nov 20, 2015.
             Was the Champion of Makhleb.
             Killed from afar by Fannar (43 damage)
             ... with a bolt of cold
             ... on level 2 of the Lair of Beasts.
             The game lasted 00:19:57 (7952 turns).

MDvedh the Severer (Deep Dwarf Fighter)             Turns: 7952, Time: 00:19:57

Health: -3/88      AC: 15    Str: 22    XL:     11   Next: 93%
Magic:  7/7        EV:  4    Int:  7    God:    Makhleb [******]
Gold:   393        SH: 10    Dex: 14    Spells: 1 memorised, 8 levels left

rFire  . . .     SeeInvis .     V - +0 broad axe
rCold  . . .     Clarity  .     O - +0 plate armour
rNeg   . . .     SustAt   .     c - +0 shield
rPois  +         Gourm    .     (no helmet)
rElec  .         Spirit   .     w - +1 cloak {rPois}
rCorr  .         Warding  .     (no gloves)
rMut   .         Stasis   .     X - +0 pair of boots
MR     +....                    H - amulet of faith
Stlth  ..........               F - -3 ring of intelligence (curse)
                                b - ring of loudness (curse)

@: non-regenerating, somewhat resistant to hostile enchantments, extremely
unstealthy
A: damage resistance, recharge devices, agile 1, breathe flames 1, high mp 1,
sense surroundings 2, slow regeneration 3
a: Device Recharging, Minor Destruction, Lesser Servant of Makhleb, Major
Destruction, Greater Servant of Makhleb, Renounce Religion, Breathe Fire


You were on level 2 of the Lair of Beasts.
You worshipped Makhleb.
Makhleb was exalted by your worship.
You were hungry.

You visited 3 branches of the dungeon, and saw 13 of its levels.

You collected 588 gold pieces.
You spent 195 gold pieces at shops.

Inventory:

Hand Weapons
 V - a +0 broad axe (weapon)
 Y - a +0 morningstar
Armour
 c - a +0 shield (worn)
 w - a +1 cloak of poison resistance (worn)
 O - a +0 plate armour (worn)
 X - a +0 pair of boots (worn)
Jewellery
 b - a cursed ring of loudness (left hand)
 f - an uncursed ring of see invisible
 r - a +1 ring of evasion
 C - an uncursed ring of poison resistance
 F - a cursed -3 ring of intelligence (right hand)
 G - a +3 ring of slaying
 H - an amulet of faith (around neck)
Wands
 e - a wand of heal wounds (0)
 R - a wand of digging (10)
Scrolls
 a - a scroll of vulnerability {unknown}
 g - 11 scrolls of identify {unknown}
 h - 3 scrolls of enchant armour {unknown}
 i - a scroll of random uselessness {unknown}
 n - a scroll of immolation {unknown}
 o - 5 scrolls of teleportation {unknown}
 s - 3 scrolls of magic mapping {unknown}
 u - a scroll of noise {unknown}
 y - 10 scrolls of remove curse {unknown}
 A - 2 scrolls of blinking {unknown}
 D - a scroll of enchant weapon {unknown}
 J - a scroll of amnesia {unknown}
 N - a scroll of fear {unknown}
 U - 2 scrolls of recharging {unknown}
Potions
 d - 3 potions of might
 j - 4 potions of brilliance {unknown}
 k - 2 potions of cure mutation {unknown}
 l - 4 potions of curing {unknown}
 p - 3 potions of lignification {unknown}
 t - 2 potions of heal wounds {unknown}
 v - 2 potions of haste {unknown}
 x - 2 potions of flight {unknown}
 I - a potion of agility {unknown}
 K - 3 potions of poison {unknown}
 L - a potion of degeneration {unknown}
Comestibles
 m - a beef jerky
 q - 5 meat rations
 z - 2 slices of pizza
 B - a royal jelly
 E - 3 fruits
 W - 4 bread rations


   Skills:
 - Level 2.6 Fighting
 - Level 18.9 Axes
 + Level 4.3 Armour
 * Level 5.6 Shields


You had 8 spell levels left.
You knew the following spells:

 Your Spells              Type           Power        Failure   Level  Hunger
a - Blink                 Tloc           N/A          100%        2    ###....


Dungeon Overview and Level Annotations

Branches:
Dungeon (11/15)            Temple (1/1) D:4            Lair (2/8) D:11
    Orc (0/4) D:9

Altars:
Cheibriados
Dithmenos
Elyvilon
Gozag
Kikubaaqudgha
Makhleb
Nemelex Xobeh
Okawaru
Qazlal
Ru
Sif Muna
Trog
Vehumet
Yredelemnul
The Shining One

Shops:
D:5 :   D:9 :!!(}   D:10 =

Portals:
Trove: D:10 (give +6 demon blade)

Annotations:
Lair:2 Fannar


Innate Abilities, Weirdness & Mutations

You are resistant to damage.
You can recharge devices by infusing magical energy.
You passively map the area around you.
You do not regenerate naturally.
You are agile. (Dex +2)
You can breathe flames.
You have an increased reservoir of magic (+10% MP).


Message History

Fannar is nearby!
Evoke which item? (* to show all) (? for menu, Esc to quit)
Zapping:
e - a wand of heal wounds (2)
Press: ? - help, Shift-Dir - straight line, f - you You feel much better.
This wand has 1 charge left.
Fannar glares icily.
Fannar casts a spell at you. The bolt of cold hits you!
* * * LOW HITPOINT WARNING * * *
You are too injured to fight recklessly!
You are too injured to fight recklessly!
Evoke which item? (* to show all) (? for menu, Esc to quit)
Zapping:
e - a wand of heal wounds (1)
Press: ? - help, Shift-Dir - straight line, f - you You feel much better.
This wand has 0 charges left.
You hit Fannar.
Fannar is lightly wounded.
Fannar casts a spell at you. The bolt of cold hits you!
You die...

.####.#.........# * *,
......<.........# * ,
.##............P# * ,
#####.........PP# *#. ,
#.........#### ..., ,
#........## ## ....
#.......####.# *....., ,
##.....##.P.###......,
#....#.......@e.....#,,,
, #P.................##,
,, ##...##...#........#
, #..## #####.......##
,, , *P... #......## *,
, **... ####..## * ,* ,
.## * , *## * * .# * ,
,, ,


You could see Fannar.

Vanquished Creatures
  2 hydras
  Urug (D:10)
  3 hill giants
  An ugly thing (D:11)
  An elephant (D:11)
  A gargoyle (D:10)
  A spiny frog (Lair:2)
  A redback zombie (D:10)
  A troll (D:11)
  23 yaks
  A basilisk (Lair:1)
  2 hippogriffs
  Menkaure (D:4)
  A soldier ant (D:8)
  A water moccasin (Lair:1)
  6 orc warriors
  2 ice beasts (D:6)
  2 porcupines (Lair:1)
  A necrophage (D:10)
  An eye of draining (D:10)
  2 black bears
  6 centaurs
  4 phantoms
  3 crocodiles
  2 sky beasts (D:10)
  7 ogres
  2 big kobolds (D:6)
  5 giant frogs
  A wyvern zombie (D:9)
  6 scorpions
  An electric eel (D:9)
  3 wights
  6 orc priests
  A quasit (D:11)
  A centaur skeleton (D:5)
  2 jellies
  Crazy Yiuf (D:5)
  A centaur zombie (D:8)
  Ijyb (D:3)
  7 hounds
  A giant frog skeleton (D:6)
  A gnoll shaman (D:6)
  Jessica (D:2)
  5 sheep
  3 iguanas (Lair:1)
  3 worker ants
  11 orc wizards
  The ghost of 4thArraOfDagon the Ducker, a weakling FeMo (D:5)
  A hound skeleton (D:5)
  A worker ant zombie (D:5)
  7 adders
  8 gnolls
  3 shadow imps
  12 river rats
  An adder skeleton (D:4)
  An adder zombie (D:8)
  3 worms
  9 giant geckos
  21 orcs
  3 bats
  2 giant cockroaches
  17 hobgoblins
  7 jackals
  8 kobolds
  3 quokkas
  2 ball pythons (D:1)
  6 giant newts
  4 goblins
  2 jackal zombies
  A quokka skeleton (D:6)
  8 rats
  A fungus (Lair:2)
272 creatures vanquished.

Vanquished Creatures (others)
  A gnoll (D:5)
  A fungus (D:11)
2 creatures vanquished.

Grand Total: 274 creatures vanquished

Notes
Turn   | Place    | Note
--------------------------------------------------------------
     0 | D:1      | MDvedh the Deep Dwarf Fighter began the quest for the Orb.
     0 | D:1      | Reached XP level 1. HP: 20/20 MP: 1/1
   199 | D:1      | Reached XP level 2. HP: 21/27 MP: 2/2
   731 | D:2      | Noticed Jessica
   736 | D:2      | Killed Jessica
   736 | D:2      | Reached skill level 4 in Axes
   736 | D:2      | Reached XP level 3. HP: 33/33 MP: 3/3
   848 | D:2      | Reached XP level 4. HP: 38/40 MP: 4/4
   929 | D:2      | Found a deep blue altar of Sif Muna.
  1360 | D:3      | Reached skill level 5 in Axes
  1514 | D:3      | Noticed Ijyb
  1537 | D:3      | Killed Ijyb
  1625 | D:3      | Found a white marble altar of Elyvilon.
  1792 | D:3      | Noticed an orc warrior
  1794 | D:3      | Reached XP level 5. HP: 39/46 MP: 5/5
  1846 | D:4      | Noticed Menkaure
  1853 | D:4      | Reached skill level 6 in Axes
  1862 | D:4      | Killed Menkaure
  1862 | D:4      | Reached skill level 7 in Axes
  1862 | D:4      | Reached XP level 6. HP: 40/55 MP: 6/6
  1972 | D:4      | Found a shadowy altar of Dithmenos.
  2271 | D:4      | Found a staircase to the Ecumenical Temple.
  2320 | D:4      | Found an iron altar of Okawaru.
  2385 | Temple   | Entered the Ecumenical Temple
  2490 | Temple   | Became a worshipper of Makhleb the Destroyer
  2577 | D:5      | Entered Level 5 of the Dungeon
  2679 | D:5      | Noticed Crazy Yiuf
  2690 | D:5      | Killed Crazy Yiuf
  2690 | D:5      | Reached skill level 8 in Axes
  2743 | D:5      | Noticed 4thArraOfDagon's ghost (weakling FeMo)
  2774 | D:5      | Killed 4thArraOfDagon's ghost
  2774 | D:5      | Reached XP level 7. HP: 19/61 MP: 7/7
  2791 | D:5      | Reached skill level 9 in Axes
  2797 | D:5      | Found Bac Wihiu's Book Shop.
  3175 | D:5      | Reached * piety under Makhleb
  3560 | D:6      | Reached skill level 10 in Axes
  3576 | D:6      | Reached XP level 8. HP: 50/68 MP: 7/7
  3662 | D:6      | Reached skill level 11 in Axes
  3730 | D:6      | Found an opulent altar of Gozag.
  3759 | D:6      | Found a bloodstained altar of Trog.
  3822 | D:6      | Reached ** piety under Makhleb
  3833 | D:6      | Reached skill level 12 in Axes
  3919 | D:6      | Gained mutation: You passively map the area around you. [Deep Dwarf growth]
  3919 | D:6      | Reached XP level 9. HP: 41/74 MP: 8/8
  3922 | D:6      | Reached *** piety under Makhleb
  4063 | D:6      | Found an ancient bone altar of Kikubaaqudgha.
  4282 | D:6      | You fall through a shaft for 2 floors!
  4302 | D:8      | Reached skill level 13 in Axes
  4501 | D:8      | Found a snail-covered altar of Cheibriados.
  4553 | D:8      | Noticed a five-headed hydra
  4621 | D:9      | Found Ymouqy's Antique Weapon Boutique.
  4676 | D:9      | Found Sihikaes's Distillery.
  4764 | D:9      | Found Ywkuv's Book Boutique.
  4838 | D:9      | Reached skill level 14 in Axes
  4858 | D:9      | Found Izuss's Gadget Emporium.
  4897 | D:9      | Found a sacrificial altar of Ru.
  4987 | D:9      | Reached **** piety under Makhleb
  5016 | D:9      | Reached skill level 15 in Axes
  5016 | D:9      | Reached XP level 10. HP: 61/81 MP: 8/8
  5093 | D:9      | Found a staircase to the Orcish Mines.
  5143 | D:9      | Found Gipuadd's Distillery.
  5453 | D:10     | Entered Level 10 of the Dungeon
  5515 | D:10     | Noticed a hill giant
  5517 | D:10     | Reached ***** piety under Makhleb
  5527 | D:10     | Killed a hill giant
  5582 | D:10     | Reached skill level 16 in Axes
  5625 | D:10     | Gained mutation: You can breathe flames. [mutagenic meat]
  5626 | D:10     | Gained mutation: You tend to lose your temper in combat. [mutagenic meat]
  5627 | D:10     | Lost mutation: You tend to lose your temper in combat. [mutagenic meat]
  5628 | D:10     | Gained mutation: You have an increased reservoir of magic (+10% MP). [mutagenic meat]
  5629 | D:10     | Gained mutation: You are agile. (Dex +2) [mutagenic meat]
  5689 | D:10     | Found Gan Ebb's Jewellery Emporium.
  5708 | D:10     | Bought an uncursed ring of see invisible for 195 gold pieces
  5892 | D:10     | Found a portal to a secret trove of treasure.
  6303 | D:10     | Reached skill level 17 in Axes
  6364 | D:11     | Noticed Urug
  6398 | D:10     | Killed Urug
  6398 | D:10     | Reached XP level 11. HP: 51/88 MP: 9/9
  6428 | D:11     | Noticed a red ugly thing
  6446 | D:11     | Killed a red ugly thing
  6495 | D:11     | Noticed a hill giant
  6504 | D:11     | Killed a hill giant
  6550 | D:11     | Found a staircase to the Lair.
  6559 | D:11     | Noticed an elephant
  6576 | D:11     | Killed an elephant
  6576 | D:11     | Reached skill level 18 in Axes
  6893 | D:11     | Noticed a hill giant
  6902 | D:11     | Killed a hill giant
  7011 | Lair:1   | Entered Level 1 of the Lair of Beasts
  7071 | Lair:1   | Got a polished chain mail
  7082 | Lair:1   | Identified the +5 chain mail "Soyss" {-Cast rElec MR- Int+4} (You found it on level 1 of the Lair of Beasts)
  7150 | Lair:1   | Reached ****** piety under Makhleb
  7162 | Lair:1   | Learned a level 2 spell: Blink
  7198 | Lair:1   | Noticed a five-headed hydra
  7217 | Lair:1   | Killed a five-headed hydra
  7772 | Lair:2   | Reached skill level 5 in Shields
  7887 | Lair:2   | Noticed a seven-headed hydra
  7898 | Lair:2   | Killed a seven-headed hydra
  7947 | Lair:2   | Noticed Fannar
  7952 | Lair:2   | Killed from afar by Fannar

Action                   |  1- 3 |  4- 6 |  7- 9 | 10-12 || total
-------------------------+-------+-------+-------+-------++-------
Melee: War axe           |    72 |   196 |   300 |     4 ||   572
       Broad axe         |       |       |       |   419 ||   419
       Morningstar       |       |       |       |    18 ||    18
 Abil: Device Recharging |       |       |     2 |     3 ||     5
Evoke: Wand              |     1 |     1 |    13 |    11 ||    26
  Eat: Chunk             |       |     4 |     2 |     9 ||    15
       Bread ration      |       |     1 |     1 |     1 ||     3
